cohdb
Replays
Latest Replays
All Replays
Popular Replays
Top Player Replays
Match Explorer
How It Works
Community
CoH3 Stats
Reddit
Sign in to upload your games and track your stats! →
Sign in with Steam
Match 38728461
Unlisted
Match 38728461
Overview
Messages
Build Orders
End
Panzergrenadier Squad
Selects Battlefield Espionage Battlegroup
Panzergrenadier Squad
250 Light Carrier
Panzergrenadier Squad
Construct Light Support Kompanie
Combat Half-tracks
Selects Intel Disruption Beacon
2.5-tonne Medical Truck
Assault Mechanized Group
Fire Support Elements
MG34 Team
Selects Plunder
Construct Panzerarmee Kommand
Panzer III L Medium Tank
Selects Firestorm
Firestorm
Panzer III L Medium Tank
我是只会框A的废物
Akage
matjouz
Sarmynation
0
0
Comments
sign in to comment!
No comments posted yet!